 Dungeon Crawl Stone Soup version 0.31-a0-221-gbddc013574 (webtiles) character file.

Game seed: 16557081853802372875

4508 12572944 the Cleaver (level 10, 0/90 HPs)
             Began as a Minotaur Fighter on July 4, 2023.
             Was a Follower of Okawaru.
             Succumbed to a hornet's poison
             ... on level 9 of the Dungeon.
             The game lasted 00:19:37 (8076 turns).

12572944 the Cleaver (Minotaur Fighter)             Turns: 8076, Time: 00:19:38

Health: 0/90       AC: 17    Str: 25    XL:     10   Next: 16%
Magic:  2/9        EV:  7    Int:  5    God:    Okawaru [*.....]
Gold:   559        SH:  6    Dex: 10    Spells: 9/9 levels left

rFire   + . .        a - +1 war axe
rCold   . . .        c - +0 buckler
rNeg    . . .        l - +0 plate armour
rPois   .            (helmet restricted)
rElec   .            k - +1 cloak
rCorr   .            (no gloves)
SInv    .            y - +0 pair of boots
Will    +....        A - amulet of guardian spirit Stlth
                     r - ring of protection from fire
HPRegen 0.35/turn    I - ring of willpower
MPRegen 0.11/turn

%: guardian spirit
@: lethally poisoned (0 -> -12), slowed, very slow
A: horns 2, retaliatory headbutt
a: Renounce Religion, Heroism


You were on level 9 of the Dungeon.
You worshipped Okawaru.
Okawaru was aware of your devotion.
You visited 2 branches of the dungeon, and saw 10 of its levels.

You collected 559 gold pieces.

Inventory:

Hand Weapons
 a - a +1 war axe (weapon)
 u - a +0 heavy war axe
 C - a +1 morningstar of flaming
Missiles
 f - 65 stones
 n - 25 poisoned darts
 s - 10 boomerangs
 t - 14 javelins
Armour
 b - a +0 scale mail
 c - a +0 buckler (worn)
 k - a +1 cloak (worn)
 l - a +0 plate armour (worn)
 y - a +0 pair of boots (worn)
Jewellery
 r - a ring of protection from fire (left hand)
 A - an amulet of guardian spirit (around neck)
 E - a ring of ice
 F - a ring of wizardry
 G - a ring of ice
 I - a ring of willpower (right hand)
 J - a ring of wizardry
 L - a ring of magical power
Wands
 d - a wand of flame (3)
 M - a wand of paralysis (8)
Scrolls
 e - 2 scrolls of enchant armour
 g - 2 scrolls of revelation
 q - a scroll of teleportation {@r4}
 w - a scroll of noise {unknown}
 x - a scroll of blinking
 H - a scroll of vulnerability
 K - 2 scrolls of silence
 N - a scroll of poison
Potions
 j - a potion of enlightenment
 m - a potion of resistance
 p - a potion of heal wounds {@q2}
 z - 2 potions of lignification
 B - a potion of degeneration
 D - a potion of magic


   Skills:
 + Level 8.7 Fighting
 * Level 11.4 Axes
 + Level 8.8 Armour
 + Level 8.7 Shields
 + Level 1.2 Invocations


You had 9 spell levels left.
You didn't know any spells.
Your spell library contained the following spells:

 Spells                   Type           Power      Damage    Failure   Level
 Gell's Gravitas          Tloc           0%         N/A       100%        3
 Teleport Other           Tloc           0%         N/A       100%        3
 Dispersal                Tloc           0%         N/A       100%        6


Dungeon Overview and Level Annotations

Branches:
Dungeon (9/15)             Temple (1/1) D:7
   Lair: D:8-11         Orc: D:9-12

Altars:
Ashenzari
Cheibriados
Dithmenos
Fedhas
Gozag
Hepliaklqana
Kikubaaqudgha
Makhleb
Nemelex Xobeh
Okawaru
Qazlal
Ru
Sif Muna
Trog
Uskayaw
Vehumet
Wu Jian
Xom
Yredelemnul
Zin
The Shining One

Shops:
D:5 !=[   D:7 *


Innate Abilities, Weirdness & Mutations

You have a pair of horns on your head.
You reflexively headbutt those who attack you in melee.


Message History

The hornet stings you.
You are poisoned.
You feel yourself slow down. The hornet stings you!
You feel as though you will be slow longer.
You can move again.
Unknown command.
You barely miss the hornet.
The hornet is moderately wounded.
You feel very sick. You block the hornet's attack.
The hornet stings you but does no damage.
You hit the hornet. Your headbutt misses the hornet.
The hornet is heavily wounded.
You feel sick. The hornet stings you.
You are more poisoned.
You feel as though you will be slow longer.
The hornet stings you.
You feel as though you will be slow longer.
You hit the hornet.
The hornet is severely wounded.
You feel very sick. The hornet stings you!
* * * LOW HITPOINT WARNING * * *
You are more poisoned.
You feel as though you will be slow longer.
The hornet stings you!
* * * LOW HITPOINT WARNING * * *
You feel as though you will be slow longer.
You hit the hornet but do no damage.
The hornet is severely wounded.
* * * LOW HITPOINT WARNING * * *
You feel very sick.
The hornet stings you but does no damage.
The hornet stings you!
* * * LOW HITPOINT WARNING * * *
You feel as though you will be slow longer.
The hornet stings you but does no damage.
You closely miss the hornet. Your headbutt misses the hornet.
The hornet is heavily wounded.
You die...

#............
#########....<#
..............#
..>...........#
............#
...........#
#........##
#.y......#
#..@.....#
#..........
#..........
............
##.........#.
######....#
....# .....


You could see a hornet.

Vanquished Creatures
  Maggie (D:6)
  Grinder (D:3)
  A hornet (D:8)
  3 yaks (D:8)
  Menkaure (D:5)
  A water moccasin (D:6)
  Duvessa (D:6)
  An ice beast (D:5)
  2 orc warriors
  A sky beast (D:7)
  3 black bears
  3 ogres
  A centaur (D:8)
  A phantom (D:7)
  A bullfrog (D:8)
  3 scorpions
  8 wights
  6 killer bees (D:7)
  Dowan (D:6)
  5 howler monkeys
  3 hounds
  9 orc priests
  2 jellies (D:7)
  A sleepcap (D:5)
  Natasha (thrice) (D:4)
  5 orc wizards
  Ijyb (D:3)
  4 gnolls (D:3)
  7 adders
  A shadow imp (D:7)
  A white imp (D:5)
  3 worms
  A dart slug (D:4)
  30 orcs
  3 bats
  5 endoplasms
  5 giant cockroaches
  4 goblins
  7 hobgoblins
  4 jackals (D:3)
  7 kobolds
  A quokka (D:4)
  5 ball pythons
  5 frilled lizards
  6 rats
168 creatures vanquished.

Notes
Turn   | Place    | Note
-------+----------+-------------------------------------------
     0 | D:1      | 12572944 the Minotaur Fighter began the quest for the Orb.
     0 | D:1      | Reached XP level 1. HP: 19/19 MP: 0/0
   343 | D:1      | Reached XP level 2. HP: 27/27 MP: 1/1
   420 | D:1      | Reached skill level 3 in Axes
  1250 | D:2      | Reached XP level 3. HP: 22/33 MP: 2/2
  1687 | D:2      | Found an ornate altar of the Wu Jian Council.
  1888 | D:3      | Reached XP level 4. HP: 40/40 MP: 3/3
  1912 | D:3      | Noticed Grinder
  1918 | D:3      | Paralysed by Grinder for 3 turns
  1923 | D:3      | Paralysed by Grinder for 2 turns
  1926 | D:3      | Paralysed by Grinder for 5 turns
  1939 | D:3      | Paralysed by Grinder for 4 turns
  1942 | D:3      | HP: 1/40 [Grinder/nerve-wracking pain (6)]
  1943 | D:3      | Killed Grinder
  1944 | D:3      | Reached skill level 5 in Axes
  1944 | D:3      | Reached XP level 5. HP: 2/47 MP: 4/4
  1944 | D:3      | Reached XP level 6. HP: 2/55 MP: 5/5
  2214 | D:3      | Reached skill level 5 in Fighting
  2215 | D:3      | Reached skill level 5 in Armour
  2277 | D:3      | Noticed Ijyb
  2281 | D:3      | Killed Ijyb
  2282 | D:3      | Reached skill level 5 in Shields
  2979 | D:4      | Noticed Natasha
  3011 | D:4      | Killed Natasha
  3048 | D:4      | Noticed Natasha
  3051 | D:4      | Killed Natasha
  3093 | D:4      | Noticed Natasha
  3100 | D:4      | Killed Natasha
  3101 | D:4      | Reached skill level 6 in Axes
  3101 | D:4      | Reached XP level 7. HP: 61/61 MP: 6/6
  3657 | D:5      | Entered Level 5 of the Dungeon
  3657 | D:5      | You fall into a shaft and drop 1 floor!
  3692 | D:5      | Found Asues's Armour Shoppe.
  3705 | D:5      | Noticed Menkaure
  3715 | D:5      | Killed Menkaure
  3840 | D:5      | Reached skill level 7 in Axes
  3875 | D:5      | Found a radiant altar of Vehumet.
  3887 | D:5      | Found Isohietosk's Jewellery Emporium.
  4047 | D:5      | Reached XP level 8. HP: 70/70 MP: 7/7
  4521 | D:5      | Found a shadowy altar of Dithmenos.
  4617 | D:5      | Found Xiep's Distillery.
  4664 | D:5      | Found a bloodstained altar of Trog.
  4828 | D:6      | Reached skill level 8 in Axes
  5113 | D:6      | Noticed Maggie
  5130 | D:6      | Killed Maggie
  5131 | D:6      | Reached skill level 9 in Axes
  5291 | D:6      | Reached XP level 9. HP: 78/79 MP: 8/8
  5434 | D:6      | Noticed Dowan
  5459 | D:6      | Killed Dowan
  5482 | D:6      | Noticed Duvessa
  5490 | D:6      | Killed Duvessa
  5742 | D:6      | Found a stormy altar of Qazlal.
  5744 | D:6      | Found a shimmering blue altar of Sif Muna.
  5766 | D:6      | Found a glowing golden altar of the Shining One.
  5768 | D:6      | Found an iron altar of Okawaru.
  6035 | D:7      | Found Hoir's Fire Supplies.
  6170 | D:7      | Reached skill level 10 in Axes
  6287 | D:6      | Became a worshipper of Warmaster Okawaru
  6825 | D:7      | Found a staircase to the Ecumenical Temple.
  6834 | Temple   | Entered the Ecumenical Temple
  7164 | D:8      | Reached * piety under Okawaru
  7169 | D:8      | Reached skill level 11 in Axes
  7338 | D:8      | Reached XP level 10. HP: 90/90 MP: 9/9
  7594 | D:8      | Reached skill level 1 in Invocations
  8069 | D:9      | Paralysed by a hornet for 2 turns
  8075 | D:9      | HP: 3/90 [hornet (9)]
  8076 | D:9      | Succumbed to a hornet's poison

Illustrated notes

Levels and vault maps discovered:
D:1:      lemuel_arrival_tunnels, layout_rooms, serial_rivers,
          chequers_serial_rivers_marsh, chequers_serial_rivers_room_a,
          chequers_serial_rivers_marsh, chequers_serial_rivers_micro_c,
          chequers_serial_rivers_small_b, roderic_lattice_a, minmay_tetromino_i4
D:2:      layout_basic, basic_altar, hangedman_glass_teeth, serial_bayou_pond_d
D:3:      layout_basic, hangedman_abyss_or_decor_lesser_grid, uniq_grinder,
          uniq_ijyb
D:4:      layout_loops_cross, uniq_natasha
D:5:      layout_basic, mainiacjoe_overflow_alcove_1,
          mainiacjoe_overflow_large_starburst, serial_shops, shop_coins,
          nicolae_shop_stone, shop, uniq_menkaure
D:6:      layout_rooms, nicolae_overflow_hidden_temple, uniq_duvessa,
          uniq_maggie
D:7:      layout_cave_pods, minmay_temple_entry_poolview, nicolae_benzene_ring,
          nicolae_shop_fire_sale [nicolae_sub_dead_trees],
          kennysheep_generic_room_7
D:8:      layout_rooms, dreamdust_princess_corridor, minmay_tree_intersection,
          minivault_24
D:9:      layout_irregular_city, erik_lair_orcish_takeover, minmay_misc_feat_iff
Temple:   jpeg_temple_clearing

Skill      XL: |  1  2  3  4  5  6  7  8  9 10 |
---------------+-------------------------------+-----
Axes           | 3 5 6 7 9 11 | 11.4
Fighting       | 4 5 6 7 8 |  8.7
Armour         | 4 5 6 7 8 |  8.8
Shields        | 4 5 6 7 8 |  8.7
Invocations    | 1 |  1.2

Action                     |  1- 3 |  4- 6 |  7- 9 | 10-12 || total
---------------------------+-------+-------+-------+-------++-------
  Melee: War axe           |    84 |    89 |   253 |    42 ||   468
         Headbutt          |     9 |    11 |    39 |     5 ||    64
  Throw: Dart              |       |     4 |     5 |       ||     9
  Evoke: Wand              |       |       |     5 |       ||     5
    Use: Potion            |       |     1 |     1 |       ||     2
         Scroll            |       |     2 |     1 |    13 ||    16
 Armour: Scale mail        |    23 |       |       |       ||    23
         Plate armour      |    23 |    55 |   138 |    19 ||   235
  Dodge: Dodged            |    29 |    32 |    75 |    12 ||   148
  Block: Buckler           |    24 |    10 |    40 |     5 ||    79

Table legend: (Time is in decaauts)
 A = Elapsed time spent in this place.
 B = Non-inter-level travel time spent in this place.
 C = Inter-level travel time spent in this place.
 D = Time resting spent in this place.
 E = Time spent auto-exploring this place.
 F = Levels seen in this place.
 G = Mean time per level.
                   A        B        C        D        E       F      G
               +--------+--------+--------+--------+--------+-----+--------+
         Total |   8165 |   7909 |    256 |    556 |   6040 |  10 |  816.5 |
       Dungeon |   8078 |   7839 |    239 |    556 |   5985 |   9 |  897.6 |
        Temple |     86 |     69 |     17 |      0 |     55 |   1 |   86.0 |
               +--------+--------+--------+--------+--------+-----+--------+

Top non-repeatable levels by time:
     D:5: 1248 daAuts
     D:7: 1175 daAuts
     D:3: 1157 daAuts
     D:2: 1063 daAuts
     D:8: 955 daAuts
     D:6: 914 daAuts
     D:1: 805 daAuts
     D:4: 699 daAuts
  Temple: 86 daAuts
     D:9: 58 daAuts
